 Dungeon Crawl Stone Soup version 0.23.2-33-g5129a83184 (webtiles) character file.

Game seed: 13833953523190954770

105 Brecoman the Firebug (level 4, 0/36 HPs)
             Began as a Draconian Fire Elementalist on June 30, 2019.
             Slain by a centaur (4 damage)
             ... on level 6 of the Dungeon.
             The game lasted 00:07:12 (2171 turns).

Brecoman the Firebug (Draconian Fire Elementalist)  Turns: 2171, Time: 00:07:12

Health: 0/36       AC:  6    Str: 10    XL:     4   Next: 53%
Magic:  1/8        EV: 12    Int: 17    God:
Gold:   175        SH:  0    Dex: 11    Spells: 2/8 levels left

rFire    . . .     SeeInvis .   e - +0 spear
rCold    . . .     Gourm    .   (no shield)
rNeg     . . .     Faith    .   (armour unavailable)
rPois    .         Spirit   .   (helmet restricted)
rElec    .         Reflect  .   (no cloak)
rCorr    .         Harm     .   (no gloves)
MR       .....                  g - +0 pair of boots
Stlth    ++........             (no amulet)
HPRegen  0.12/turn              (no ring)
MPRegen  0.11/turn              (no ring)

@: no status effects
A: unfitting armour, cold-blooded, AC +5
a: no special abilities


You were on level 6 of the Dungeon.
You were not hungry.

You visited 1 branch of the dungeon, and saw 4 of its levels.

You collected 175 gold pieces.

Inventory:

Hand Weapons
 e - a +0 spear (weapon)
Missiles
 k - 5 stones (quivered)
Armour
 g - a +0 pair of boots (worn)
Jewellery
 d - an uncursed ring of ice {unknown}
 l - an uncursed amulet of guardian spirit {unknown}
Scrolls
 f - a scroll of amnesia {unknown}
 h - a scroll of identify {unknown}
 i - a scroll of fear {unknown}
 j - 2 scrolls of random uselessness {unknown}
Potions
 a - a potion of resistance {unknown}
 c - a potion of magic {unknown}
Comestibles
 b - 2 rations
 m - a chunk of flesh


   Skills:
 + Level 2.1 Fighting
 - Level 1.7 Dodging
 - Level 1.7 Stealth
 + Level 2.8 Spellcasting
 + Level 2.2 Conjurations
 + Level 0.0 Hexes
 + Level 3.7 Fire Magic


You had 2 spell levels left.
You knew the following spells:

 Your Spells              Type           Power        Failure   Level  Hunger
a - Flame Tongue          Conj/Fire      ##...        5%          1    #......
b - Throw Flame           Conj/Fire      ##....       8%          2    ##.....
c - Inner Flame           Hex/Fire       #.......     24%         3    ###....

Your spell library contained the following spells:

 Spells                   Type           Power        Failure   Level  Hunger
 Conjure Flame            Conj/Fire      ##......     16%         3    ###....
 Sticky Flame             Conj/Fire      ##......     45%         4    #####..
 Fireball                 Conj/Fire      ##........   82%         5    ######.


Dungeon Overview and Level Annotations

Branches:
Dungeon (3/15)

Altars:

Annotations:
D:1 1 runed translucent door


Innate Abilities, Weirdness & Mutations

Your plain brown scales are hard. (AC +5)
You cannot fit into any form of body armour.
You are cold-blooded and may be slowed by cold attacks.


Message History

The orc wizard closely misses you.
The jackal bites you but does no damage.
The orc hits you with a +0 flail.
* * * LOW HITPOINT WARNING * * *
The jackal misses you.
Casting: Flame Tongue (safe; 5% risk of failure)
Confirm with . or Enter, or press ? or * to list all spells.
Aiming: Flame Tongue (safe; 5% risk of failure)
Press: ? - help, Shift-Dir - straight line, f/p - centaur
Aim: a centaur (heavily wounded)
The flame tongue misses the centaur.
The flame tongue hits the jackal.
The jackal is severely wounded.
The centaur barely misses you. The jackal barely misses you.
The orc priest hits you.
* * * LOW HITPOINT WARNING * * *
The orc wizard barely misses you. The jackal closely misses you.
A worm comes into view.
The jackal closely misses you. The crimson imp barely misses you.
The centaur hits you.
You die...

......!..# ...
.........# ......
.........# .....#
.........##.....#
...(......#......
.................
........>o.......
........5hh......
........o@ch.....
........ooh.....w
##...............
####............
..J...........
...............
...............
...............


You could see a centaur, a worm (wandering), an orc priest, an orc wizard, a
crimson imp, an ooze, 2 orcs and 4 jackals.

Vanquished Creatures
  Robin (D:3)
  An adder (D:2)
  An ooze (D:1)
  2 worms (D:2)
  3 dart slugs
  A ball python (D:2)
  6 bats
  4 giant cockroaches
  13 goblins
  11 hobgoblins
  2 jackals (D:3)
  6 kobolds
  A quokka (D:3)
  3 frilled lizards (D:2)
  7 rats
62 creatures vanquished.

Notes
Turn   | Place    | Note
-------+----------+-------------------------------------------
     0 | D:1      | Brecoman the Draconian Fire Elementalist began the quest
                  | for the Orb.
     0 | D:1      | Reached XP level 1. HP: 14/14 MP: 3/3
     1 | D:1      | Found a runed translucent door.
     2 | D:1      | Noticed a jelly
   148 | D:1      | Reached XP level 2. HP: 19/22 MP: 0/5
   489 | D:1      | Reached skill level 1 in Fighting
   908 | D:2      | Reached XP level 3. HP: 28/28 MP: 2/6
  1586 | D:2      | Reached XP level 4. HP: 36/36 MP: 0/7
  1797 | D:3      | Noticed Robin
  1822 | D:3      | Killed Robin
  2068 | D:3      | Learned a level 2 spell: Throw Flame
  2072 | D:3      | Learned a level 3 spell: Inner Flame
  2162 | D:3      | You fall through a shaft for 3 floors!
  2162 | D:6      | Noticed a centaur
  2171 | D:6      | Slain by a centaur

Skill      XL: |  1  2  3  4 |
---------------+-------------+-----
Fighting       | 1 2 |  2.1
Conjurations   | 2 |  2.2
Dodging        | |  1.7
Stealth        | |  1.7
Spellcasting   | |  2.8
Fire Magic     | |  3.7

Action                   |  1- 3 |  4- 6 || total
-------------------------+-------+-------++-------
Melee: Unarmed           |     1 |       ||     1
       Spear             |    44 |    52 ||    96
       Tailslap          |     4 |     1 ||     5
 Cast: Flame Tongue      |    64 |    22 ||    86
       Throw Flame       |       |     2 ||     2
  Eat: Chunk             |     2 |     3 ||     5
Armor: Skin              |    24 |    22 ||    46
Dodge: Dodged            |    33 |    45 ||    78
